 Dungeon Crawl Stone Soup version 0.31-a0-876-gfe8ebadbca (webtiles) character file.

Game seed: 13880734429189388137

743 Descartes the Shield-Bearer (level 8, -2/62 HPs)
             Began as a Formicid Fighter on Oct 14, 2023.
             Was a Priest of Makhleb.
             Succumbed to an orc wizard's poison
             ... on level 4 of the Dungeon.
             The game lasted 00:06:10 (2973 turns).

Descartes the Shield-Bearer (Formicid Fighter)      Turns: 2973, Time: 00:06:11

Health: -2/62      AC: 11    Str: 28    XL:     8   Next: 5%
Magic:  8/8        EV: 13    Int:  7    God:    Makhleb [***...]
Gold:   199        SH:  5    Dex: 13    Spells: 7/7 levels left

rFire   x . .        a - +0 war axe
rCold   + + .        c - +0 buckler
rNeg    . . .        B - +1 chain mail {rC+}
rPois   .            (helmet unavailable)
rElec   .            (no cloak)
rCorr   .            (no gloves)
SInv    +            (no boots)
Will    .....        (no amulet) Stlth
                     s - +5 ring of evasion
HPRegen 0.30/turn    x - ring "Vouz" {Ice Str+4}
MPRegen 0.11/turn

%: no passive effects
@: lethally poisoned (-2 -> -18)
A: permanent stasis, dig shafts and tunnels, antennae 3, four strong arms
a: Dig, Shaft Self, Renounce Religion, Minor Destruction, Lesser Servant of
Makhleb


You were on level 4 of the Dungeon.
You worshipped Makhleb.
Makhleb was most pleased with you.
You visited 2 branches of the dungeon, and saw 6 of its levels.
You also visited: Sewer.

You collected 199 gold pieces.

Inventory:

Hand Weapons
 a - a +0 war axe (weapon)
Armour
 c - a +0 buckler (worn)
 B - a +1 chain mail of cold resistance (worn)
Jewellery
 l - a ring of poison resistance
 s - a +5 ring of evasion (left hand)
 v - a ring of protection from fire
 x - the ring "Vouz" (right hand) {Ice Str+4}
   (You found it on level 4 of the Dungeon)

   [ring of ice]

   Ice:       It enhances your ice magic.
   Str+4:     It affects your strength (+4).
   rF-:       It makes you vulnerable to fire.
   rC+:       It protects you from cold.
Wands
 w - a wand of mindburst (19)
Scrolls
 b - a scroll of amnesia {unknown}
 e - 2 scrolls of blinking {unknown}
 g - a scroll of poison {unknown}
 j - a scroll of fear {unknown}
 k - a scroll of enchant weapon {unknown}
 m - a scroll of noise {unknown}
 n - 3 scrolls of teleportation {unknown}
 p - a scroll of fog {unknown}
 q - a scroll of summoning {unknown}
 t - a scroll of identify {unknown}
 y - a scroll of brand weapon {unknown}
Potions
 d - 2 potions of might
 f - 2 potions of curing {unknown}
 h - 3 potions of attraction {unknown}
 i - a potion of lignification {unknown}
 o - a potion of cancellation {unknown}
 r - 2 potions of invisibility {unknown}
 u - 3 potions of mutation {unknown}
 z - a potion of resistance {unknown}
 A - a potion of experience {unknown}


   Skills:
 - Level 5.0 Fighting
 + Level 4.7 Axes
 + Level 5.7 Armour
 + Level 7.0 Shields


You had 7 spell levels left.
You didn't know any spells.
Your spell library contained the following spells:

 Spells                   Type           Power      Damage    Failure   Level
 Freeze                   Ice            0%         1d3       91%         1
 Frozen Ramparts          Ice            0%         1d1       100%        3
 Hailstorm                Conj/Ice       0%         3d3       100%        3
 Tukima's Dance           Hex            0%         N/A       100%        3
 Dimensional Bullseye     Hex/Tloc       0%         N/A       100%        4
 Iskenderun's Mystic Bla  Conj/Tloc      0%         2d3       100%        4
 Haunt                    Necr/Summ      0%         N/A       100%        7
 Borgnjor's Revivificati  Necr           0%         N/A       100%        8
 Death's Door             Necr           0%         N/A       100%        9


Dungeon Overview and Level Annotations

Branches:
Dungeon (5/15)             Temple (1/1) D:4           Sewer (visited)

Altars:
Ashenzari
Cheibriados
Dithmenos
Elyvilon
Hepliaklqana
Kikubaaqudgha
Makhleb
Nemelex Xobeh
Ru
Sif Muna
Uskayaw
Vehumet
Wu Jian
Yredelemnul

Shops:
D:1 [

Annotations:
D:3 1 runed translucent door, flt's ghost, amateur DgFE
D:5 Eustachio


Innate Abilities, Weirdness & Mutations

You cannot be hasted, slowed, berserked, paralysed or teleported.
You can dig through walls and to a lower floor.
You have a pair of large antennae on your head. (SInv)
Your four strong arms can wield two-handed weapons with a shield.


Message History

You are lethally poisoned!
Eustachio mumbles some strange words.
The orc barely misses you.
The howler monkey hoots and howls with incredible vigour!
The shadow imp hits you but does no damage.
The crimson imp blinks!
You hear an angry hiss. x2; You hear a shout!
You climb upwards.
* * * LOW HITPOINT WARNING * * *
You feel very sick.
There is a stone staircase leading down here.
You are too injured to fight recklessly!
Unknown command.
You are too injured to fight recklessly!
Unknown command.
Unknown command.
You are too injured to fight recklessly!
You are too injured to fight recklessly!
Unknown command.
You barely miss the orc wizard. You barely miss the howler monkey.
You hit the orc.
* * * LOW HITPOINT WARNING * * *
You feel very sick.
The orc wizard hits you but does no damage.
You are more poisoned.
The orc barely misses you.
The howler monkey hits you but does no damage.
You are too injured to fight recklessly!
You slash the orc wizard!
The orc wizard is heavily wounded.
You barely miss the howler monkey. You closely miss the orc.
* * * LOW HITPOINT WARNING * * *
You feel very sick.
The orc wizard hits you but does no damage.
You are more poisoned.
You block the orc's attack. You block the howler monkey's attack.
You hit the orc wizard.
The orc wizard is severely wounded.
You barely miss the orc. You hit the howler monkey.
You die...

#.##..............##
#####..#..(........=...##
##..###.#................# #
#....##.#................###
#.##.##.#...................
#.##..#.....................
#.###.......................
#.# ####..o.................
#.# #...@h...............
#.# ##..o....##.....#....
#.# #....##.########.... #.#
#...###.### #.... ##.#
#...###...# #.... #..###
#.#.....#.## #.... #....###
#.#........########.
####...# #.#.##.#.#.....##
#. ###.###...#.......##..#
##


You could see a howler monkey (catching breath), an orc wizard and an orc.

Vanquished Creatures
  A water moccasin (Sewer)
  2 black bears
  An ogre (D:4)
  2 scorpions (D:4)
  2 hounds (D:5)
  Ijyb (Temple)
  An iguana (D:4)
  An orc wizard (D:3)
  4 adders
  2 worms
  4 dart slugs (D:1)
  6 orcs
  5 endoplasms
  5 giant cockroaches
  2 goblins (D:1)
  6 hobgoblins
  2 jackals (Sewer)
  A quokka (D:4)
  9 ball pythons
  2 bats
  3 frilled lizards
  6 kobolds
  4 rats
72 creatures vanquished.

Notes
Turn   | Place    | Note
-------+----------+-------------------------------------------
     0 | D:1      | Descartes the Formicid Fighter began the quest for the Orb.
     0 | D:1      | Reached XP level 1. HP: 18/18 MP: 1/1
    68 | D:1      | Found a faded altar of an unknown god.
    78 | D:1      | Prayed at the altar of an unknown god.
    78 | D:1      | Became a worshipper of Makhleb the Destroyer
    78 | D:1      | Reached * piety under Makhleb
   122 | D:1      | Found Wobioz's Armour Emporium.
   161 | D:1      | Reached XP level 2. HP: 24/24 MP: 2/2
   626 | D:1      | Reached XP level 3. HP: 18/29 MP: 3/3
  1077 | D:2      | Reached ** piety under Makhleb
  1120 | D:2      | Reached XP level 4. HP: 37/37 MP: 4/4
  1754 | D:3      | Reached skill level 5 in Shields
  1754 | D:3      | Reached XP level 5. HP: 42/42 MP: 5/5
  1892 | D:3      | Found a runed translucent door.
  1893 | D:3      | Noticed flt's ghost (amateur DgFE)
  2058 | D:4      | Found a staircase to the Ecumenical Temple.
  2063 | D:4      | Noticed Ijyb
  2066 | D:4      | Noticed an ogre
  2070 | Temple   | Entered the Ecumenical Temple
  2079 | Temple   | Killed Ijyb
  2137 | D:4      | Killed an ogre
  2138 | D:4      | Reached XP level 6. HP: 21/49 MP: 6/6
  2239 | D:4      | Identified the ring "Vouz" {Ice Str+4}
  2353 | D:4      | Found a glowing drain.
  2356 | D:4      | Noticed a black bear
  2369 | D:4      | Killed a black bear
  2370 | D:4      | Reached skill level 6 in Shields
  2370 | D:4      | Reached XP level 7. HP: 52/55 MP: 7/7
  2371 | Sewer    | Entered a sewer
  2393 | Sewer    | Reached skill level 5 in Fighting
  2444 | Sewer    | Noticed a water moccasin
  2456 | Sewer    | Killed a water moccasin
  2457 | Sewer    | Reached skill level 5 in Armour
  2887 | D:4      | Reached *** piety under Makhleb
  2952 | D:5      | Entered Level 5 of the Dungeon
  2952 | D:5      | Noticed Eustachio
  2969 | D:5      | Reached skill level 7 in Shields
  2969 | D:5      | Reached XP level 8. HP: 14/62 MP: 8/8
  2972 | D:4      | HP: 2/62 [poisoned by an orc wizard]
  2973 | D:4      | Succumbed to an orc wizard's poison

Illustrated notes

Levels and vault maps discovered:
D:1:      dpeg_arrival_stone_temple_mockup, layout_loops_corners,
          shapermc_ecumenical_altar_starsandcircs, serial_shops, shop
D:2:      layout_loops_corners, minmay_misc_feat_square
D:3:      layout_rooms, gammafunk_ghost_grave
D:4:      layout_rooms, minmay_temple_entry_sparse_star,
          cheibrodos_sewer_entry_drain, minmay_tree_intersection,
          grunt_ministairs_14, uniq_ijyb
D:5:      layout_rooms, grunt_ministairs_11, nicolae_specific_store,
          uniq_eustachio
Temple:   nicolae_temple_bog_church

Skill      XL: |  1  2  3  4  5  6  7 |
---------------+----------------------+-----
Fighting       | 4 5 |  5.0
Armour         | 4 5 |  5.7
Shields        | 5 6 7 |  7.0
Axes           | 3 4 |  4.7

Action                     |  1- 3 |  4- 6 |  7- 9 || total
---------------------------+-------+-------+-------++-------
  Melee: War axe           |    55 |   101 |    64 ||   220
 Armour: Scale mail        |    37 |    86 |    20 ||   143
         Chain mail        |       |       |    67 ||    67
  Dodge: Dodged            |    23 |    80 |    77 ||   180
  Block: Buckler           |    14 |    34 |    35 ||    83

Table legend: (Time is in decaauts)
 A = Elapsed time spent in this place.
 B = Non-inter-level travel time spent in this place.
 C = Inter-level travel time spent in this place.
 D = Time resting spent in this place.
 E = Time spent auto-exploring this place.
 F = Levels seen in this place.
 G = Mean time per level.
                   A        B        C        D        E       F      G
               +--------+--------+--------+--------+--------+-----+--------+
         Total |   3064 |   3019 |     45 |      0 |   2415 |   7 |  437.7 |
       Dungeon |   2738 |   2693 |     45 |      0 |   2171 |   5 |  547.6 |
        Temple |     64 |     64 |      0 |      0 |     46 |   1 |   64.0 |
         Sewer |    261 |    261 |      0 |      0 |    198 |   1 |  261.0 |
               +--------+--------+--------+--------+--------+-----+--------+

Top non-repeatable levels by time:
     D:2: 852 daAuts
     D:1: 780 daAuts
     D:4: 630 daAuts
     D:3: 453 daAuts
   Sewer: 261 daAuts
  Temple: 64 daAuts
     D:5: 22 daAuts
